Map: Golden Wall LE

Players

Massa - Winner!

  • Race: Terran Terran
  • League: Gold
  • Spawn Location: 7:00

CaptainWank

  • Race: Terran Terran
  • League: Gold
  • Spawn Location: 5:00

VOD

Have the link to the VOD?

Description

Time

  • Played on: Aug. 10, 2020, 9:37 a.m.
  • Length: 21:27
Show
View Real Time Build Order
Export as new Build Order

Massa Terran - Winner!

Build Orders:  

Get SALT Encoding   

  12  0:02  SCV  
  13  0:14  SCV  
  14  0:22  Supply Depot  
  14  0:26  Refinery  
  14  0:28  SCV  
  15  0:43  SCV  
  15  0:47  Barracks  
  16  0:55  SCV  
  17  1:08  SCV  
  18  1:22  SCV  
  19  1:34  Reaper, SCV  
  21  1:41  Command Center  
  21  1:47  SCV  
  22  2:02  Orbital Command  
  22  2:06  Reaper  
  23  2:29  Factory  
  23  2:37  Supply Depot  
  23  2:52  SCV  
  24  3:05  SCV  
  25  3:13  Orbital Command  
  25  3:16  Factory Reactor  
  25  3:17  SCV  
  26  3:22  Barracks  
  26  3:25  Marine  
  25  3:29  SCV  
  26  3:36  Starport  
  26  3:41  SCV x2  
  27  3:43  Marine  
  29  3:53  SCV x2  
  30  4:01  Marine  
  31  4:05  SCV x2  
  31  4:06  Widow Mine x2  
  37  4:15  Refinery  
  34  4:18  Marine  
  34  4:19  Marine  
  34  4:25  SCV x2  
  34  4:29  Medivac  
  37  4:36  Marine  
  37  4:37  SCV x2  
  34  4:49  SCV  
  34  4:50  SCV  
  35  4:58  Hellion x2  
  39  5:02  SCV x2  
  39  5:04  Command Center  
  41  5:09  Engineering Bay  
  41  5:12  Supply Depot  
  41  5:14  SCV x2  
  43  5:15  Supply Depot  
  43  5:19  Hellion  
  45  5:23  Barracks Tech Lab  
  45  5:26  Barracks Reactor, SCV  
  46  5:33  SCV  
  46  5:34  Hellion  
  49  5:38  SCV  
  50  5:45  SCV  
  51  5:50  SCV  
  52  5:58  SCV, Viking  
  52  6:02  SCV  
  56  6:28  Viking  
  56  6:29  Refinery  
  56  6:30  Refinery  
  58  6:35  Marauder, Marine  
  58  6:36  Marine  
  58  6:38  Widow Mine x2  
  66  6:45  SCV x2  
  68  6:53  Marine x2  
  70  6:56  Marauder  
  70  6:57  SCV  
  70  6:58  SCV, Medivac  
  74  7:09  SCV  
  74  7:10  SCV  
  74  7:11  Marine  
  74  7:18  Marauder  
  74  7:19  Marine  
  74  7:21  SCV  
  74  7:22  SCV  
  74  7:30  Orbital Command  
  72  7:40  Marine  
  72  7:42  SCV  
  72  7:43  SCV, Marine  
  69  7:44  Marauder  
  62  7:54  SCV  
  62  7:55  SCV  
  62  7:56  Viking  
  66  7:58  Marine  
  65  8:06  SCV  
  65  8:07  SCV  
  67  8:14  Missile Turret  
  67  8:15  SCV  
  67  8:18  SCV  
  67  8:19  SCV  
  66  8:21  Missile Turret  
  66  8:26  Viking  
  65  8:27  SCV  
  65  8:30  SCV  
  65  8:31  SCV  
  68  8:34  Missile Turret  
  68  8:35  Missile Turret  
  68  8:41  Missile Turret  
  68  8:55  Missile Turret x2  
  68  8:57  SCV  
  68  9:02  Missile Turret  
  69  9:03  Stimpack  
  69  9:12  SCV x2  
  69  9:13  SCV, Supply Depot  
  69  9:14  Supply Depot  
  69  9:16  Supply Depot  
  68  9:25  SCV  
  69  9:35  SCV x2  
  69  9:37  SCV, Supply Depot  
  72  9:38  Supply Depot  
  72  9:39  Supply Depot  
  72  9:42  Missile Turret  
  72  9:46  Refinery  
  72  9:47  SCV x2  
  72  9:49  SCV  
  75  9:58  Terran Infantry Weapons Level 1  
  75  9:59  SCV x2  
  77  10:02  Supply Depot  
  77  10:05  SCV  
  77  10:11  SCV x2  
  79  10:17  SCV  
  80  10:23  SCV  
  81  10:42  Concussive Shells  
  81  10:48  SCV x3  
  84  10:54  Barracks  
  84  10:56  Barracks  
  84  10:58  Refinery, Barracks  
  84  11:00  SCV x2  
  84  11:01  SCV  
  84  11:02  Refinery  
  87  11:11  Supply Depot  
  87  11:12  SCV, Supply Depot  
  87  11:13  SCV x2  
  87  11:15  Supply Depot  
  87  11:16  Sensor Tower  
  90  11:21  Engineering Bay  
  90  11:23  Armory  
  90  11:24  SCV  
  90  11:25  SCV x2  
  93  11:34  Supply Depot  
  93  11:36  Supply Depot  
  93  11:37  Refinery, SCV x3, Supply Depot  
  96  11:49  SCV x3  
  96  11:53  Terran Infantry Armor Level 1  
  99  11:55  Command Center  
  99  11:59  Liberator  
  99  12:01  SCV x2  
  104  12:02  Combat Shield  
  104  12:12  SCV, Armory  
  104  12:13  SCV x2  
  107  12:22  Sensor Tower  
  107  12:24  SCV  
  108  12:36  Widow Mine x2  
  89  12:57  Widow Mine x2  
  78  13:04  Marauder, Marine  
  78  13:05  Marine  
  74  13:08  Barracks Reactor, Barracks Tech Lab x2  
  74  13:14  Planetary Fortress  
  74  13:21  Liberator  
  74  13:22  Marine x2  
  74  13:25  Marauder  
  81  13:27  Command Center  
  81  13:40  Marine x2  
  81  13:47  Marauder  
  81  13:49  Starport  
  81  13:52  SCV  
  81  13:55  Marauder x2, Marine  
  86  13:56  Marine  
  86  13:58  Marine  
  86  14:00  Widow Mine x2  
  86  14:01  Marine  
  94  14:03  Liberator  
  94  14:04  SCV  
  94  14:08  Barracks x2, Marauder  
  100  14:13  Marine  
  100  14:14  Marine  
  100  14:16  SCV, Marauder x2, Marine  
  108  14:19  Marine  
  108  14:21  Widow Mine x2  
  113  14:27  Sensor Tower  
  113  14:28  SCV  
  116  14:31  Marine x2  
  116  14:34  Marine  
  116  14:37  Marauder, Marine  
  116  14:38  Marauder  
  124  14:40  SCV  
  124  14:42  Viking  
  124  14:43  Widow Mine  
  126  14:46  Viking  
  126  14:49  Marine x2  
  126  14:51  Marine  
  130  14:54  Marine  
  130  14:59  Marauder x2  
  133  15:12  Viking  
  134  15:16  Viking  
  134  15:20  Marauder, Marine  
  133  15:33  Barracks  
  133  15:35  Barracks x2  
  133  15:38  Marauder  
  133  15:39  Marine x2  
  133  15:42  Marauder, Viking  
  141  15:46  Viking  
  143  15:56  Marine  
  143  15:57  Factory, Marine  
  143  15:58  Factory  
  143  15:59  Factory  
  143  16:00  Marauder  
  143  16:03  Marauder  
  149  16:04  Barracks  
  149  16:12  Viking  
  149  16:14  Marine  
  149  16:15  Marine  
  149  16:16  Viking  
  155  16:21  Marauder  
  155  16:24  Marauder  
  157  16:32  Marine  
  158  16:33  Marine  
  159  16:42  Marauder  
  159  16:45  Barracks  
  159  16:46  Barracks, Marauder  
  163  16:49  Factory Tech Lab x3  
  163  16:50  Marine x2  
  163  16:53  Barracks Reactor, Barracks  
  165  16:56  Terran Infantry Armor Level 2  
  165  16:57  Terran Infantry Weapons Level 2  
  165  16:59  Terran Vehicle And Ship Armor Level 1, Terran Vehicle Weapons Level 1  
  165  17:04  Marauder  
  165  17:07  Marauder  
  165  17:08  Marine x2  
  170  17:12  Thor x3  
  189  17:17  Orbital Command  
  189  17:20  SCV  
  190  17:23  SCV  
  190  17:25  Marauder  
  190  17:26  Marine x2  
  190  17:29  Marauder  
  193  17:32  SCV  
  193  17:35  SCV  
  193  17:40  Barracks Reactor x2, Barracks Tech Lab  
  193  17:42  Marine x2  
  195  17:52  Supply Depot  
  195  17:53  Supply Depot x2  
  195  17:54  Supply Depot  
  195  17:55  Command Center  
  195  17:56  Supply Depot  
  195  17:57  Supply Depot  
  195  17:58  Supply Depot  
  195  18:01  Supply Depot  
  195  18:02  Supply Depot  
  195  18:03  Supply Depot  
  195  18:04  Supply Depot  
  195  18:13  Marine x3  
  195  18:14  Marauder  
  200  18:31  SCV  
  200  18:32  Marauder  
  187  18:35  Marauder  
  106  18:53  Marine  
  98  18:57  Marauder  
  93  19:06  Marine  
  93  19:07  Marine x2  
  96  19:10  Marine x2  
  96  19:11  Marauder  
  96  19:12  Thor x3  
  96  19:15  Marauder, Marine  
  96  19:16  Marine  
  122  19:18  Marauder  
  124  19:24  Marine  
  124  19:25  Marine x2  
  124  19:28  Marine x2  
  129  19:33  Marauder  
  129  19:37  Marauder  
  133  19:39  Marauder  
  133  19:42  Marine x3  
  138  19:45  Marine  
  138  19:46  Marine  
  138  19:49  Medivac x2  
  144  19:54  Marauder  
  144  19:55  Thor x3  
  164  20:00  Marine x4  
  168  20:18  Marine x3  
  168  20:19  Medivac x2  
  175  20:27  Orbital Command  
  175  20:38  Thor  
  175  20:39  Refinery  
  175  20:42  Refinery  
  181  21:00  Barracks Tech Lab  
  175  21:08  Barracks Reactor  
Show
View Real Time Build Order
Export as new Build Order

CaptainWank Terran 

Build Orders:  

Get SALT Encoding   

  12  0:00  SCV  
  13  0:12  SCV  
  14  0:24  Supply Depot  
  14  0:25  SCV  
  15  0:30  Refinery  
  15  0:48  Barracks  
  15  0:54  Supply Depot  
  15  0:57  SCV  
  15  1:00  Refinery  
  16  1:10  SCV  
  17  1:22  SCV  
  18  1:34  SCV  
  18  1:37  Barracks  
  18  1:39  Barracks Reactor  
  19  2:19  Reaper x2  
  20  2:26  Factory  
  20  2:28  Reaper  
  21  2:36  Orbital Command  
  20  2:57  Reaper x2  
  22  3:13  Starport  
  22  3:16  Starport  
  22  3:20  SCV  
  22  3:33  Factory Tech Lab  
  20  4:20  Starport Tech Lab x2  
  20  4:23  SCV  
  21  4:27  Command Center  
  21  4:35  SCV  
  22  4:43  Banshee  
  25  4:47  SCV  
  26  4:58  Banshee  
  26  4:59  SCV  
  28  5:00  Cloaking Field  
  28  5:11  SCV  
  29  5:16  Supply Depot  
  29  5:23  SCV  
  29  5:26  Banshee  
  33  5:30  Engineering Bay  
  33  5:44  Banshee  
  36  5:54  SCV  
  37  5:59  Marine x2  
  39  6:04  Siege Tank  
  39  6:06  SCV  
  41  7:19  Siege Tank  
  41  7:20  Banshee  
  47  7:48  Marine x3  
  50  7:51  Siege Tank  
  53  8:06  Marine x3  
  56  8:24  Marine x3  
  60  8:36  SCV  
  61  8:42  Marine  
  61  8:48  SCV  
  62  9:26  Supply Depot  
  62  9:27  Supply Depot  
  62  9:39  Supply Depot  
  62  9:40  Banshee x2, Marine, SCV, Supply Depot  
  70  9:47  SCV  
  70  9:50  Marine x2  
  73  9:53  SCV  
  73  9:57  Supply Depot  
  73  9:58  Marine  
  73  9:59  SCV  
  76  10:04  Supply Depot  
  76  10:05  SCV  
  77  10:08  Marine x2  
  77  10:11  SCV  
  80  10:16  Marine  
  80  10:17  SCV  
  82  10:23  SCV  
  82  10:26  Marine x2  
  88  10:29  SCV  
  88  10:34  Marine  
  90  10:35  SCV  
  90  10:40  Terran Infantry Weapons Level 1  
  88  10:43  Engineering Bay  
  88  10:44  Marine x2  
  85  11:01  Fusion Core  
  85  11:05  Supply Depot  
  85  11:07  Barracks Tech Lab  
  84  11:14  Terran Infantry Armor Level 1  
  84  11:15  Barracks  
  84  11:23  Armory  
  84  11:26  Supply Depot  
  84  11:31  Command Center  
  84  11:34  Missile Turret  
  84  11:36  Refinery  
  84  11:37  Refinery  
  84  11:47  Marine x2  
  84  11:49  Engineering Bay, Combat Shield  
  84  11:50  Marine  
  87  12:05  Marine x2  
  87  12:08  Marine  
  90  12:13  Medivac  
  90  12:14  Medivac  
  94  12:27  Orbital Command  
  94  12:34  Hi-Sec Auto Tracking  
  94  12:43  Medivac  
  85  13:05  Missile Turret  
  85  13:09  Missile Turret  
  85  13:12  Liberator  
  88  13:19  Marine x2  
  90  13:23  Barracks Reactor  
  90  13:24  Marine  
  91  13:32  Orbital Command  
  91  13:36  Marine  
  91  13:37  Marine  
  92  13:41  Marine  
  92  13:46  Missile Turret  
  92  13:48  Missile Turret  
  93  13:52  Missile Turret, Siege Tank  
  93  13:54  Liberator, Marine x2  
  101  13:59  Marine  
  102  14:07  Advanced Ballistics  
  102  14:12  Marine x2  
  102  14:14  SCV  
  105  14:17  Marine  
  105  14:18  SCV  
  110  14:24  Siege Tank  
  110  14:26  SCV  
  110  14:30  SCV  
  112  14:35  Marine  
  112  14:37  Liberator  
  116  14:38  SCV  
  116  14:42  SCV  
  118  14:51  SCV  
  119  14:54  SCV  
  118  15:03  SCV  
  118  15:06  SCV  
  107  15:33  Battlecruiser x2  
  119  15:51  SCV  
  120  15:57  Refinery  
  120  15:58  SCV  
  120  16:03  SCV  
  122  16:06  Marine x4  
  122  16:10  SCV  
  127  16:15  SCV  
  125  16:22  SCV  
  121  16:28  SCV  
  116  16:34  SCV  
  116  16:37  Battlecruiser x2  
  124  16:40  SCV  
  124  16:46  SCV  
  124  16:48  Missile Turret  
  124  16:50  Neosteel Armor, Terran Infantry Weapons Level 2  
  124  16:53  Terran Vehicle Weapons Level 1  
  124  17:07  Marine  
  124  17:08  Marine x4  
  129  17:25  Marine x2  
  129  17:26  Marine x3  
  134  17:41  Viking x2  
  134  17:43  Marine x3  
  141  17:45  Weapon Refit  
  141  17:48  Marine x2  
  143  18:01  Marine x3  
  143  18:04  Refinery  
  146  18:06  Marine x2, Command Center  
  148  18:18  Command Center, Supply Depot x2  
  148  18:19  Marine, Supply Depot  
  149  18:30  Marine  
  149  18:31  Marine  
  149  18:32  Marine x2  
  149  18:33  Viking  
  95  19:06  Marine x3  
  95  19:07  Marine x2  
  90  19:11  Battlecruiser  
  91  19:18  Battlecruiser  
  96  19:24  Marine x5  
  94  19:42  Marine x4  
  94  19:44  Marine  
  97  19:51  Siege Tank  
  100  20:04  Barracks  
  100  20:06  Planetary Fortress  
  100  20:07  Barracks  
  94  20:23  Siege Tank  
  97  20:50  Armory  
  97  20:51  Armory  
Tags
 
League
GoldGold
Matchup
TvT
Race
Terran
Replay Pack
Multiplayer
Spawn Locations
Close Positions
Add a new tag
Caveats
  • Supply blocks, unpowered buildings, or Contaminate may cause inaccurate times.
  • Supply counts are checked every 10 seconds.